 Dungeon Sprint DCSS version 0.21.0-3-g78d12a8 (webtiles) character file.

0 sanboga the Skirmisher (level 1, -7/21 HPs)
             Began as a Gargoyle Berserker on Jan 11, 2018.
             Was a Follower of Trog.
             Mangled by a crocodile (14 damage)
             ... in the Dungeon (Sprint II: "The Violet Keep of Menkaure").
             The game lasted 00:00:49 (277 turns).

sanboga the Skirmisher (Gargoyle Berserker)          Turns: 277, Time: 00:00:50

Health: -7/21      AC:  4    Str: 25    XL:     1   Next: 0%
Magic:  1/1        EV: 12    Int:  7    God:    Trog [*.....]
Gold:   19         SH:  0    Dex:  9    Spells: 0/0 levels left

rFire    . . .     SeeInvis .   i - +1 mace of Oroinnopp {drain, MR+}
rCold    . . .     Gourm    .   (no shield)
rNeg     + . .     Faith    .   b - +0 animal skin
rPois    ∞         Spirit   .   (no helmet)
rElec    +         Reflect  .   (no cloak)
rCorr    .         Harm     .   (no gloves)
MR       +....     NoTele   +   (no boots)
Stlth    ..........             (no amulet)
HPRegen  0.07/turn              (no ring)
MPRegen  0.07/turn              (no ring)

@: berserking (expiring), very quick
A: negative energy resistance 1, electricity resistance, unbreathing,
petrification resistance, rot immunity, AC +2
a: Berserk, Burn Spellbooks, Renounce Religion


You were in the Dungeon.
You worshipped Trog.
Trog was aware of your devotion.
You were not hungry.

You visited 1 branch You collected 243 gold pieces.
You spent 224 gold pieces at shops.

Inventory:

Hand Weapons
 i - the +1 mace of Oroinnopp (weapon) {drain, MR+}
   (You bought it in a shop in the Dungeon)

   A truly terrible weapon, it drains the life of those it strikes.
   It affects your resistance to hostile enchantments.
Armour
 b - a +0 animal skin (worn)
Potions
 d - a potion of curing
 e - a potion of heal wounds
 f - a potion of haste
 g - 2 potions of magic
 h - a potion of berserk rage
Comestibles
 c - a ration


   Skills:
 + Level 3.2 Fighting
   Level 2.6 Axes
 + Level 2.1 Armour
 + Level 1.5 Dodging


You couldn't memorise any spells.
You didn't know any spells.

Dungeon Overview and Level Annotations

Branches:
Dungeon (1/1)

Altars:

Shops:
D :=!(:[(?[(}!%=}(

Annotations:
D exclusion: oklob plant


Innate Abilities, Weirdness & Mutations

You are resistant to torment.
Your stone body is resilient. (AC +2)
You are immune to poison.
You resist negative energy. (rN+)
You are resistant to electric shocks. (rElec)
You can survive without breathing.
You are immune to petrification.
You are immune to rotting.


Message History

Really walk into a travel-excluded area?
You open the door.
A red film seems to cover your vision as you go berserk!
You feel yourself moving faster!
You feel mighty!
You feel a lot more hungry.
The tyrant leech bites you but does no damage.
You thump the tyrant leech! You drain the tyrant leech!
The tyrant leech is moderately wounded.
You sock the tyrant leech!
The tyrant leech is moderately wounded.
You completely miss the tyrant leech.
The tyrant leech is moderately wounded.
The crocodile bites you. The tyrant leech bites you!
Ouch! That really hurt!
The tyrant leech bites you but does no damage.
There is an open door here.
You sock the tyrant leech! You drain the tyrant leech!
The tyrant leech is heavily wounded.
The crocodile bites you!
Ouch! That really hurt!
You die...

##########≈≈#++
#########≈≈≈...
.....∩.∩#≈≈≈≈.#
....∩.∩.#≈≈≈≈##
...∩.∩..#≈≈≈≈#
..∩.∩...#≈≈###
.⌠.∩....#≈##.###+#
..∩.∩..w#t#...##.##
...∩.∩..@w'###'.<.+
....∩.∩.#≈#...##.##
▓▓▓▓▓▓###≈##.###+#
[hh######≈≈### ?Fh#
##≈≈≈


∩PF +#≈# ). ≈≈# ≈≈ You could see 2 tyrant leeches, an oklob plant, a spiny frog,
a crocodile and 3 black bears.

Vanquished Creatures (others)
  A crocodile (D)
1 creature vanquished.

Notes
Turn   | Place    | Note
-------+----------+-------------------------------------------
     0 | D        | sanboga the Gargoyle Berserker began the quest for the Orb.
     0 | D        | Reached XP level 1. HP: 14/14 MP: 1/1
     1 | D        | Noticed a tyrant leech
     1 | D        | Noticed a tyrant leech
     5 | D        | Found Aphad's Gadget Emporium.
     6 | D        | Found Cimoaq's Antique Weapon Shoppe.
     6 | D        | Found Norejun's Antique Armour Emporium.
     6 | D        | Found Ynank's Book Shoppe.
     6 | D        | Found Ajagh's Magic Scroll Shoppe.
     6 | D        | Found Lufiykk's Distillery.
     6 | D        | Found Ytaph's Weapon Emporium.
     6 | D        | Found Maxoiphu's Jewellery Shoppe.
     6 | D        | Found Riosurec's Antique Weapon Emporium.
     6 | D        | Found Kufeomp's Antique Weapon Shoppe.
     6 | D        | Found Cuacyps's Gadget Emporium.
     7 | D        | Found Qylia's Distillery.
     7 | D        | Found Dennineb's Jewellery Emporium.
     7 | D        | Noticed a black bear
     8 | D        | Found Plog's Food Shoppe.
     8 | D        | Found Ivuufeudax's Antique Armour Emporium.
     8 | D        | Noticed a black bear
     9 | D        | Noticed a crocodile
     9 | D        | Noticed a black bear
     9 | D        | Noticed an oklob plant
    10 | D        | Found Ihorath's Book Shoppe.
    10 | D        | Noticed a spiny frog
    14 | D        | Noticed a spiny frog
    15 | D        | Killed a crocodile
   263 | D        | Bought a transparent mace for 224 gold pieces
   263 | D        | Identified the +1 mace of Oroinnopp {drain, MR+} (You bought it in a shop in the Dungeon)
   277 | D        | Mangled by a crocodile

Action                   || total
-------------------------++-------
Melee: Mace              ||     4
Invok: Berserk           ||     1
  Use: Scroll            ||     1
Armor: Animal skin       ||     2
Dodge: Dodged            ||     2
